 Dungeon Crawl Stone Soup version 0.29.0-4-gdea44cf6ec (webtiles) character file.

Game seed: 2893827786589688474

25475 qw the Severer (level 12, -15/116 HPs)
             Began as a Minotaur Berserker on Sept 8, 2022.
             Was a Priest of Trog.
             Demolished by a komodo dragon (31 damage)
             ... on level 5 of the Lair of Beasts.
             The game lasted 00:05:10 (14542 turns).

qw the Severer (Minotaur Berserker)                Turns: 14542, Time: 00:05:11

Health: -15/116    AC: 23    Str: 25    XL:     12   Next: 89%
Magic:  11/11      EV:  9    Int:  3    God:    Trog [***...]
Gold:   816        SH:  6    Dex: 12    Spells: 11/11 levels left

rFire   . . .      SeeInvis +   Y - +1 war axe (chaos)
rCold   + . .      Faith    .   i - +0 buckler
rNeg    + . .      Spirit   .   f - +1 plate armour {rC+}
rPois   +          Reflect  .   (helmet unavailable)
rElec   .          Harm     .   m - +2 ratskin cloak {*Rats rPois rN+ Str-1 Int-1 Dex+1}
rCorr   .          Rampage  .   l - +0 pair of gloves
Will    +....                   (no boots)
Stlth   ..........              h - amulet of regeneration
HPRegen 1.09/turn               k - ring of willpower
MPRegen 0.12/turn               n - ring of see invisible

@: about to teleport, on berserk cooldown, slowed, very slow
A: horns 3, retaliatory headbutt, iridescent scales 1
a: Renounce Religion, Berserk, Trog's Hand


You were on level 5 of the Lair of Beasts.
You worshipped Trog.
Trog was most pleased with you.
You visited 2 branches of the dungeon, and saw 14 of its levels.

You collected 816 gold pieces.


Innate Abilities, Weirdness & Mutations

You have a pair of large horns on your head.
You reflexively headbutt those who attack you in melee.
You are partially covered in iridescent scales. (AC +2)


   Skills:
 + Level 13.8 Fighting
 - Level 16.0 Axes
 - Level 12.0 Armour
 - Level 6.1 Dodging
 - Level 9.2 Shields


You had 11 spell levels left.
You didn't know any spells.
Your spell library was empty.

Inventory:

Hand Weapons
 o - a +2 hand axe of flaming
 Y - a +1 war axe of chaos (weapon)
Armour
 f - a +1 plate armour of cold resistance (worn)
 i - a +0 buckler (worn)
 l - a +0 pair of gloves (worn)
 m - the +2 ratskin cloak (worn) {*Rats rPois rN+ Str-1 Int-1 Dex+1}
   (You found it on level 7 of the Dungeon)

   When the wearer is hurt, rats may emerge from it to assist them.
   Str:       It affects your strength (-1).
   Int:       It affects your intelligence (-1).
   Dex:       It affects your dexterity (+1).
   rPois:     It protects you from poison.
   rN:        It protects you from negative energy.
Jewellery
 c - a ring of protection from cold
 h - an amulet of regeneration (around neck)
 k - a ring of willpower (left hand)
 n - a ring of see invisible (right hand)
Scrolls
 a - 3 scrolls of identify
 e - 5 scrolls of teleportation
Potions
 b - 3 potions of mutation
 d - 6 potions of curing
 g - 3 potions of heal wounds
 j - 3 potions of might
 r - a potion of cancellation

Dungeon Overview and Level Annotations

Branches:
Dungeon (9/15)             Temple (0/1) D:6            Lair (5/5) D:9
 Shoals (0/4) Lair:2       Spider (0/4) Lair:3
  Slime: Lair:4-5       Orc: D:9-12

Altars:
Elyvilon
Fedhas
Hepliaklqana
Kikubaaqudgha
Qazlal
Uskayaw
Wu Jian
Yredelemnul

Shops:
D:1 [![   D:4 ((

Annotations:
D:4 1 runed translucent door, Crazy Yiuf


Message History

You headbutt the blink frog! You closely miss the blink frog.
Your headbutt misses the blink frog.
The blink frog is almost dead.
The blink frog hits you!
You closely miss the blink frog. Your headbutt misses the blink frog.
The blink frog is almost dead.
The blink frog hits you but does no damage.
You miss the blink frog. Your headbutt misses the blink frog.
The blink frog is almost dead.
You block the blink frog's attack.
You closely miss the blink frog. You headbutt the blink frog!
You kill the blink frog!
Trog accepts your kill.
You start resting.
You feel a strong urge to attack something.
You feel your anger nearly subside.
You are no longer berserk.
You are exhausted.
You feel yourself slow down.
HP restored.
You start waiting.
A komodo dragon comes into view.
The komodo dragon hisses angrily.
You hit the komodo dragon but do no damage.
The komodo dragon goes berserk!
You headbutt the komodo dragon, but do no damage.
The komodo dragon bites you!!
You hit the komodo dragon but do no damage.
The komodo dragon bites you!
The komodo dragon bites you but does no damage.
You slash the komodo dragon!
You feel better.
You headbutt the komodo dragon!!
The komodo dragon is heavily wounded.
The komodo dragon bites you!! The komodo dragon bites you!
You hit the komodo dragon. You burn the komodo dragon.
The komodo dragon is heavily wounded.
The komodo dragon bites you. The komodo dragon bites you!!
14542 ||| READING 6 scrolls of teleportation.
As you read the scroll of teleportation, it crumbles to dust.
You feel strangely unstable. The komodo dragon bites you!!
You die...

..#.......#.#..P.# ..
#.........###...P##..##
#.........###.........#
#..P..###.#.....###..# #
..#P.. #........###.##.#.
#........................
....................
....................
...........@l%......
P#####.....##P..###.
##....# #..# #..... ?##
#....+ .. #.... ... ##...
.F. ....


You could see a komodo dragon (berserk).

Vanquished Creatures
  2 hydras
  2 death yaks (Lair:2)
  A two-headed ogre (D:8)
  An oklob plant (Lair:1)
  An ugly thing (D:8)
  3 black mambas
  A torpor snail (Lair:4)
  Maggie (D:8)
  A cane toad (Lair:1)
  2 rime drakes
  7 komodo dragons
  A demonic crawler (Lair:3)
  A polar bear (Lair:4)
  A troll (D:9)
  Prince Ribbit (D:7)
  10 blink frogs
  2 dream sheep
  A blink frog (shapeshifter) (Lair:1)
  Sigmund (D:2)
  3 wyverns
  20 yaks
  A basilisk (Lair:2)
  3 steam dragons
  14 water moccasins
  5 black bears
  3 orc warriors
  2 ice beasts
  4 ogres
  3 phantoms
  4 centaurs
  4 kobold brigands
  8 bullfrogs
  A gnoll sergeant (D:6)
  3 necrophages
  7 scorpions
  16 wights
  A killer bee (D:8)
  5 hounds
  2 gnoll boudas
  3 orc priests
  4 iguanas
  5 orc wizards
  4 hell rats (D:7)
  Natasha (thrice) (D:2)
  Robin (D:2)
  5 gnolls (D:6)
  12 adders
  19 river rats (D:7)
  3 white imps
  4 ufetubi
  A worm (Lair:3)
  3 dart slugs
  15 orcs
  7 ball pythons
  6 endoplasms
  6 giant cockroaches
  12 hobgoblins
  3 quokkas
  3 training dummies (D:4)
  5 bats
  2 frilled lizards
  20 goblins
  17 kobolds
  2 rats
314 creatures vanquished.

Vanquished Creatures (collateral kills)
  2 hydras (Lair:4)
  A death yak (Lair:2)
  2 komodo dragons (Lair:4)
  A polar bear (Lair:4)
  A hornet (D:9)
  7 yaks
14 creatures vanquished.

Vanquished Creatures (others)
  28 fungi
  43 plants
71 creatures vanquished.

Grand Total: 399 creatures vanquished

Notes
Turn   | Place    | Note
-------+----------+-------------------------------------------
     0 | D:1      | qw the Minotaur Berserker began the quest for the Orb.
     0 | D:1      | Reached XP level 1. HP: 19/19 MP: 0/0
     0 | D:1      | 0 ||| qw: Version: 0.1-a-112-g44dc6cd
     0 | D:1      | 0 ||| qw: Game counter: 6675
     0 | D:1      | 0 ||| qw: Always use a shield: true
     0 | D:1      | 0 ||| qw: Do Orc after D:15 true
     0 | D:1      | 0 ||| qw: Do second Lair branch before Depths: true
     0 | D:1      | 0 ||| qw: Lair rune preference: random
     0 | D:1      | 0 ||| qw: Plans: Normal
     0 | D:1      | 0 ||| PLANNING D:1-11
    67 | D:1      | Found Tukle's Antique Armour Shoppe.
    77 | D:1      | 77 ||| SHOPLISTING buckler (112 gold, have 0).
    77 | D:1      | 77 ||| SHOPLISTING pair of embroidered boots (187 gold,
                  | have 0).
    77 | D:1      | 77 ||| SHOPLISTING ring mail (100 gold, have 0).
    77 | D:1      | 77 ||| SHOPLISTING scale mail (100 gold, have 0).
   111 | D:1      | Reached skill level 4 in Axes
   157 | D:1      | 157 ||| Stepping ~*~*~tactically~*~*~ (hiding).
   239 | D:1      | Reached XP level 2. HP: 26/26 MP: 1/1
   401 | D:1      | Found a faded altar of an unknown god.
   431 | D:1      | Found Xecoit's Antique Armour Boutique.
   444 | D:1      | 444 ||| SHOPLISTING chain mail (108 gold, have 11).
   444 | D:1      | 444 ||| SHOPLISTING cloak (108 gold, have 11).
   444 | D:1      | 444 ||| SHOPLISTING runed leather armour (120 gold, have
                  | 11).
   534 | D:1      | 534 ||| Stepping ~*~*~tactically~*~*~ (stealth).
   540 | D:1      | 540 ||| Stepping ~*~*~tactically~*~*~ (stealth).
   542 | D:1      | 542 ||| Stepping ~*~*~tactically~*~*~ (stealth).
   888 | D:1      | Found Saosegasm's Distillery.
   897 | D:1      | 897 ||| SHOPLISTING potion of haste (140 gold, have 27).
   897 | D:1      | 897 ||| SHOPLISTING potion of heal wounds (70 gold, have
                  | 27).
   897 | D:1      | 897 ||| SHOPLISTING potion of might (56 gold, have 27).
   897 | D:1      | 897 ||| SHOPLISTING potion of mutation (112 gold, have 27).
  1094 | D:1      | 1094 ||| UPGRADING to +0 ring mail.
  1104 | D:1      | 1104 ||| DROPPING +0 animal skin.
  1105 | D:1      | 1105 ||| UPGRADING to +0 scale mail.
  1115 | D:1      | 1115 ||| DROPPING +0 ring mail.
  1116 | D:1      | 1116 ||| UPGRADING to +0 chain mail.
  1126 | D:1      | 1126 ||| DROPPING +0 scale mail.
  1127 | D:1      | 1127 ||| READING scroll labelled NEGESING XETAI.
  1128 | D:1      | 1128 ||| READING 2 scrolls labelled WIVOOB IPS.
  1131 | D:1      | 1131 ||| READING scroll labelled YRODAE YC OFA.
  1132 | D:1      | 1132 ||| READING scroll labelled ELODEI MERCHIM.
  1133 | D:1      | 1133 ||| READING scroll labelled UFOP FAOQA.
  1134 | D:1      | 1134 ||| READING scroll labelled RAMYUSYCYDI.
  1135 | D:1      | 1135 ||| DRINKING 2 purple potions.
  1239 | D:1      | 1239 ||| DRINKING 2 viscous brown potions.
  1240 | D:1      | 1240 ||| DROPPING potion of berserk rage.
  1255 | D:2      | Reached skill level 5 in Axes
  1273 | D:2      | Reached XP level 3. HP: 31/31 MP: 2/2
  1429 | D:2      | 1429 ||| Stepping ~*~*~tactically~*~*~ (stealth).
  1430 | D:2      | 1430 ||| Stepping ~*~*~tactically~*~*~ (stealth).
  1445 | D:2      | Noticed Sigmund
  1449 | D:2      | 1449 ||| INVOKING Berserk.
  1454 | D:2      | Killed Sigmund
  1455 | D:2      | Reached skill level 7 in Axes
  1455 | D:2      | Reached XP level 4. HP: 39/39 MP: 3/3
  1455 | D:2      | Reached XP level 5. HP: 45/45 MP: 4/4
  1585 | D:2      | Identified the +10 whip "Minotaur's Bane" {freeze, rC+
                  | rCorr Int-2}
  1587 | D:2      | 1587 ||| DROPPING +0 whip.
  1626 | D:2      | Reached ** piety under Trog
  1671 | D:2      | Noticed Robin
  1672 | D:2      | 1672 ||| Stepping ~*~*~tactically~*~*~ (stealth).
  1676 | D:2      | 1676 ||| Stepping ~*~*~tactically~*~*~ (stealth).
  1678 | D:2      | 1678 ||| Stepping ~*~*~tactically~*~*~ (stealth).
  1679 | D:2      | 1679 ||| Stepping ~*~*~tactically~*~*~ (hiding).
  1682 | D:2      | 1682 ||| Stepping ~*~*~tactically~*~*~ (hiding).
  1683 | D:2      | 1683 ||| Stepping ~*~*~tactically~*~*~ (hiding).
  1695 | D:2      | 1695 ||| INVOKING Berserk.
  1699 | D:2      | Killed Robin
  1916 | D:2      | Noticed Natasha
  1917 | D:2      | 1917 ||| Stepping ~*~*~tactically~*~*~ (stealth).
  1919 | D:2      | 1919 ||| Stepping ~*~*~tactically~*~*~ (hiding).
  1920 | D:2      | 1920 ||| INVOKING Berserk.
  1921 | D:2      | Killed Natasha
  2089 | D:2      | Noticed Natasha
  2092 | D:2      | 2092 ||| INVOKING Berserk.
  2093 | D:2      | Killed Natasha
  2094 | D:2      | Reached skill level 8 in Axes
  2094 | D:2      | Reached XP level 6. HP: 52/52 MP: 5/5
  2162 | D:2      | Noticed Natasha
  2164 | D:2      | 2164 ||| INVOKING Berserk.
  2167 | D:2      | Killed Natasha
  2350 | D:2      | 2350 ||| UPGRADING to amulet of regeneration.
  2355 | D:2      | 2355 ||| READING scroll labelled SEIZEXZEOTZ.
  2356 | D:2      | 2356 ||| DRINKING 2 metallic brown potions.
  2357 | D:2      | 2357 ||| DRINKING 2 ruby potions.
  2358 | D:2      | 2358 ||| DROPPING potion of flight.
  3075 | D:3      | Reached skill level 9 in Axes
  3185 | D:3      | 3185 ||| DROPPING scarf of shadows.
  3186 | D:3      | 3186 ||| UPGRADING to +0 plate armour.
  3196 | D:3      | 3196 ||| DROPPING +0 chain mail.
  3197 | D:3      | 3197 ||| READING scroll labelled INKUPH DUGHUIMURPH.
  3198 | D:3      | 3198 ||| READING scroll labelled QUTATI JUAXURCH.
  3220 | D:4      | Found Sakhloeno's Weapon Emporium.
  3221 | D:4      | 3221 ||| STAIRDANCE
  3227 | D:4      | 3227 ||| STAIRDANCE
  3303 | D:4      | Found Zivaehia's Firing Range.
  3395 | D:4      | Reached skill level 3 in Armour
  3395 | D:4      | Reached XP level 7. HP: 58/59 MP: 6/6
  3434 | D:4      | 3434 ||| SWAPPING to +0 war axe.
  3441 | D:4      | 3441 ||| DROPPING +0 hand axe.
  3542 | D:4      | 3542 ||| Stepping ~*~*~tactically~*~*~ (hiding).
  3544 | D:4      | 3544 ||| Stepping ~*~*~tactically~*~*~ (hiding).
  3594 | D:4      | Found a runed translucent door.
  3595 | D:4      | Noticed Crazy Yiuf
  3596 | D:4      | Identified the +6 hammer of Discord {elec, Int+3 Dex+7}
  3842 | D:4      | 3842 ||| Stepping ~*~*~tactically~*~*~ (stealth).
  3848 | D:4      | 3848 ||| INVOKING Berserk.
  4169 | D:4      | 4169 ||| READING 2 scrolls of identify.
  4169 | D:4      | 4169 ||| IDENTIFYING cyan potion
  4170 | D:4      | 4170 ||| DROPPING potion of attraction.
  4205 | D:5      | Entered Level 5 of the Dungeon
  4461 | D:5      | Found a hazy altar of Hepliaklqana.
  4486 | D:5      | Reached skill level 10 in Axes
  4496 | D:5      | 4496 ||| FLEEEEING.
  4497 | D:5      | 4497 ||| FLEEEEING.
  4498 | D:5      | 4498 ||| FLEEEEING.
  4499 | D:5      | 4499 ||| FLEEEEING.
  4500 | D:5      | 4500 ||| FLEEEEING.
  4501 | D:5      | 4501 ||| FLEEEEING.
  4503 | D:5      | 4503 ||| FLEEEEING.
  4504 | D:5      | 4504 ||| FLEEEEING.
  4505 | D:5      | 4505 ||| FLEEEEING.
  4506 | D:5      | 4506 ||| FLEEEEING.
  4507 | D:5      | 4507 ||| FLEEEEING.
  4508 | D:5      | 4508 ||| FLEEEEING.
  4509 | D:5      | 4509 ||| FLEEEEING.
  4511 | D:5      | 4511 ||| FLEEEEING.
  4512 | D:5      | 4512 ||| FLEEEEING.
  4513 | D:5      | 4513 ||| FLEEEEING.
  4525 | D:5      | Reached *** piety under Trog
  4577 | D:5      | Reached skill level 6 in Fighting
  4577 | D:5      | Reached XP level 8. HP: 67/70 MP: 7/7
  4625 | D:5      | 4625 ||| Stepping ~*~*~tactically~*~*~ (stealth).
  4669 | D:5      | 4669 ||| Stepping ~*~*~tactically~*~*~ (hiding).
  4673 | D:5      | 4673 ||| INVOKING Berserk.
  4825 | D:5      | Reached skill level 11 in Axes
  4978 | D:5      | 4978 ||| INVOKING Berserk.
  5103 | D:5      | 5103 ||| READING 3 scrolls of identify.
  5103 | D:5      | 5103 ||| IDENTIFYING silvery potion
  5180 | D:6      | 5180 ||| INVOKING Berserk.
  5328 | D:6      | 5328 ||| Stepping ~*~*~tactically~*~*~ (hiding).
  5329 | D:6      | 5329 ||| Stepping ~*~*~tactically~*~*~ (hiding).
  5330 | D:6      | 5330 ||| Stepping ~*~*~tactically~*~*~ (hiding).
  5331 | D:6      | 5331 ||| INVOKING Berserk.
  5341 | D:6      | Reached skill level 12 in Axes
  5468 | D:6      | 5468 ||| INVOKING Berserk.
  5694 | D:6      | Reached XP level 9. HP: 60/79 MP: 8/8
  5806 | D:6      | 5806 ||| Stepping ~*~*~tactically~*~*~ (stealth).
  5903 | D:6      | 5903 ||| DROPPING +10 whip "Minotaur's Bane" {freeze, rC+
                  | rCorr Int-2}.
  5904 | D:6      | 5904 ||| DROPPING +6 hammer of Discord {elec, Int+3 Dex+7}.
  5993 | D:6      | 5993 ||| INVOKING Berserk.
  6144 | D:6      | Reached skill level 13 in Axes
  6410 | D:6      | Reached skill level 6 in Armour
  6419 | D:6      | Found a staircase to the Ecumenical Temple.
  6435 | D:6      | 6435 ||| UPGRADING to +0 buckler.
  6440 | D:6      | 6440 ||| UPGRADING to ring of willpower.
  6441 | D:6      | 6441 ||| UPGRADING to ring of see invisible.
  6442 | D:6      | 6442 ||| READING scroll labelled SEASHR TETWUI.
  6443 | D:6      | 6443 ||| DRINKING 2 murky inky potions.
  6469 | D:6      | 6469 ||| DROPPING potion of lignification.
  6526 | D:7      | 6526 ||| STAIRDANCE
  6537 | D:7      | Reached skill level 1 in Shields
  6963 | D:7      | Reached skill level 3 in Shields
  7018 | D:7      | Found an ancient bone altar of Kikubaaqudgha.
  7059 | D:7      | 7059 ||| Stepping ~*~*~tactically~*~*~ (hiding).
  7060 | D:7      | 7060 ||| Stepping ~*~*~tactically~*~*~ (hiding).
  7062 | D:7      | 7062 ||| Stepping ~*~*~tactically~*~*~ (hiding).
  7199 | D:7      | 7199 ||| Stepping ~*~*~tactically~*~*~ (hiding).
  7202 | D:7      | 7202 ||| INVOKING Berserk.
  7436 | D:7      | Found a stormy altar of Qazlal.
  7439 | D:7      | Found a white marble altar of Elyvilon.
  7444 | D:7      | Found an ornate altar of the Wu Jian Council.
  7559 | D:7      | Reached **** piety under Trog
  7629 | D:7      | 7629 ||| Stepping ~*~*~tactically~*~*~ (stealth).
  7632 | D:7      | 7632 ||| Stepping ~*~*~tactically~*~*~ (stealth).
  7651 | D:7      | 7651 ||| INVOKING Berserk.
  7708 | D:7      | 7708 ||| FLEEEEING.
  7709 | D:7      | 7709 ||| FLEEEEING.
  7710 | D:7      | 7710 ||| FLEEEEING.
  7712 | D:7      | 7712 ||| FLEEEEING.
  7726 | D:7      | Found the +2 ratskin cloak {*Rats rPois rN+ Str-1 Int-1
                  | Dex+1}
  7832 | D:7      | 7832 ||| UPGRADING to +1 plate armour of cold resistance.
  7842 | D:7      | 7842 ||| DROPPING +0 plate armour.
  7843 | D:7      | 7843 ||| UPGRADING to +2 ratskin cloak {*Rats rPois rN+
                  | Str-1 Int-1 Dex+1}.
  7848 | D:7      | 7848 ||| READING scroll labelled ZUIDDI KOOSM.
  7849 | D:7      | 7849 ||| READING 4 scrolls of identify.
  7849 | D:7      | 7849 ||| IDENTIFYING green potion
  7850 | D:7      | 7850 ||| DROPPING potion of magic.
  7885 | D:8      | Noticed Prince Ribbit
  7885 | D:8      | Noticed Maggie
  7887 | D:8      | 7887 ||| INVOKING Berserk.
  7901 | D:8      | Killed Maggie
  7902 | D:8      | Reached skill level 6 in Shields
  7904 | D:8      | 7904 ||| FLEEEEING.
  7905 | D:8      | 7905 ||| FLEEEEING.
  7906 | D:8      | 7906 ||| STAIRDANCE
  8010 | D:8      | 8010 ||| STAIRDANCE
  8012 | D:7      | 8012 ||| INVOKING Berserk.
  8037 | D:7      | Killed Prince Ribbit
  8038 | D:7      | Reached XP level 10. HP: 76/88 MP: 9/9
  8154 | D:8      | 8154 ||| STAIRDANCE
  8177 | D:8      | Found a hide-covered altar of Uskayaw.
  8195 | D:8      | 8195 ||| Stepping ~*~*~tactically~*~*~ (stealth).
  8201 | D:8      | 8201 ||| Stepping ~*~*~tactically~*~*~ (stealth).
  8243 | D:8      | 8243 ||| FLEEEEING.
  8244 | D:8      | 8244 ||| FLEEEEING.
  8245 | D:8      | 8245 ||| FLEEEEING.
  8246 | D:8      | 8246 ||| FLEEEEING.
  8247 | D:8      | 8247 ||| FLEEEEING.
  8248 | D:8      | 8248 ||| FLEEEEING.
  8257 | D:8      | 8257 ||| INVOKING Berserk.
  8264 | D:8      | Reached skill level 14 in Axes
  8368 | D:8      | 8368 ||| Stepping ~*~*~tactically~*~*~ (stealth).
  8376 | D:8      | 8376 ||| Stepping ~*~*~tactically~*~*~ (stealth).
  8380 | D:8      | Reached skill level 3 in Dodging
  8395 | D:8      | Noticed a two-headed ogre
  8396 | D:8      | 8396 ||| Stepping ~*~*~tactically~*~*~ (hiding).
  8398 | D:8      | 8398 ||| INVOKING Berserk.
  8400 | D:8      | Killed a two-headed ogre
  8413 | D:8      | 8413 ||| Stepping ~*~*~tactically~*~*~ (cloud).
  8415 | D:8      | 8415 ||| READING scroll labelled IJUIXU COEPAJA.
  8430 | D:8      | Noticed a brown ugly thing
  8438 | D:8      | HP: 20/88 [acid (9)]
  8439 | D:8      | 8439 ||| READING 3 scrolls of teleportation.
  8440 | D:8      | 8440 ||| DRINKING 4 potions of heal wounds.
  8445 | D:8      | 8445 ||| READING 2 scrolls of teleportation.
  8795 | D:8      | Killed a brown ugly thing
  8796 | D:8      | Reached skill level 15 in Axes
  9204 | D:8      | 9204 ||| READING scroll of brand weapon.
  9204 | D:8      | 9204 ||| BRANDING +1 war axe of freezing.
  9269 | D:8      | 9269 ||| READING 2 scrolls labelled NANTAO MYCIUQE.
  9270 | D:8      | 9270 ||| DROPPING scroll of blinking.
  9356 | D:9      | Reached skill level 9 in Fighting
  9386 | D:9      | 9386 ||| Stepping ~*~*~tactically~*~*~ (hiding).
  9391 | D:9      | 9391 ||| INVOKING Berserk.
  9603 | D:9      | 9603 ||| Stepping ~*~*~tactically~*~*~ (stealth).
  9617 | D:9      | 9617 ||| Stepping ~*~*~tactically~*~*~ (hiding).
  9619 | D:9      | Reached XP level 11. HP: 97/97 MP: 10/10
  9663 | D:9      | 9663 ||| Stepping ~*~*~tactically~*~*~ (stealth).
  9665 | D:9      | 9665 ||| Stepping ~*~*~tactically~*~*~ (hiding).
  9669 | D:9      | 9669 ||| INVOKING Berserk.
  9674 | D:9      | Reached skill level 16 in Axes
  9680 | D:9      | Found a staircase to the Lair.
  9961 | D:9      | Reached ***** piety under Trog
 10011 | D:9      | Found a blossoming altar of Fedhas.
 10034 | D:9      | Noticed an oklob plant
 10035 | D:9      | 10035 ||| INVOKING Brothers in Arms.
 10072 | D:9      | 10072 ||| PLANNING LAIR
 10072 | D:9      | 10072 ||| DRINKING 2 dark potions.
 10072 | D:9      | Gained mutation: You have a pair of large horns on your
                  | head. [potion of mutation]
 10072 | D:9      | Gained mutation: You have sharp fingernails. [potion of
                  | mutation]
 10072 | D:9      | Lost mutation: You have sharp fingernails. [potion of
                  | mutation]
 10072 | D:9      | Gained mutation: You are partially covered in iridescent
                  | scales. (AC +2) [potion of mutation]
 10073 | D:9      | 10073 ||| READING 5 scrolls of identify.
 10073 | D:9      | 10073 ||| IDENTIFYING clear potion
 10074 | D:9      | 10074 ||| DROPPING potion of brilliance.
 10124 | Lair:1   | Entered Level 1 of the Lair of Beasts
 10124 | Lair:1   | Noticed an oklob plant
 10124 | Lair:1   | Found a basalt altar of Yredelemnul.
 10128 | Lair:1   | 10128 ||| INVOKING Berserk.
 10134 | Lair:1   | Killed an oklob plant
 10223 | Lair:1   | 10223 ||| INVOKING Berserk.
 10266 | Lair:1   | Reached skill level 9 in Armour
 10376 | Lair:1   | Noticed an eight-headed hydra
 10377 | Lair:1   | 10377 ||| INVOKING Brothers in Arms.
 10382 | Lair:1   | 10382 ||| SWAPPING to +2 hand axe of flaming.
 10383 | Lair:1   | 10383 ||| INVOKING Berserk.
 10387 | Lair:1   | Killed a five-headed hydra
 10396 | Lair:1   | 10396 ||| SWAPPING to +1 war axe of chaos.
 10525 | Lair:1   | 10525 ||| INVOKING Berserk.
 10694 | Lair:1   | 10694 ||| INVOKING Berserk.
 10883 | Lair:1   | 10883 ||| Stepping ~*~*~tactically~*~*~ (stealth).
 10885 | Lair:1   | 10885 ||| Stepping ~*~*~tactically~*~*~ (stealth).
 10889 | Lair:1   | 10889 ||| Stepping ~*~*~tactically~*~*~ (stealth).
 11010 | Lair:1   | 11010 ||| INVOKING Berserk.
 11218 | Lair:1   | 11218 ||| DROPPING amulet of the acrobat.
 11303 | Lair:2   | 11303 ||| INVOKING Berserk.
 11416 | Lair:2   | Found a staircase to the Shoals.
 11480 | Lair:2   | Noticed a death yak
 11481 | Lair:2   | Noticed a death yak
 11485 | Lair:2   | 11485 ||| INVOKING Berserk.
 11486 | Lair:2   | Noticed a death yak
 11495 | Lair:2   | Killed a death yak
 11496 | Lair:2   | Reached skill level 12 in Fighting
 11497 | Lair:2   | Reached XP level 12. HP: 107/112 MP: 11/11
 11499 | Lair:2   | Killed a death yak
 11507 | Lair:2   | Killed a death yak
 11583 | Lair:2   | 11583 ||| Stepping ~*~*~tactically~*~*~ (hiding).
 11659 | Lair:2   | 11659 ||| Stepping ~*~*~tactically~*~*~ (stealth).
 11660 | Lair:2   | 11660 ||| Stepping ~*~*~tactically~*~*~ (stealth).
 12169 | Lair:2   | 12169 ||| UPGRADING to +0 pair of gloves.
 12174 | Lair:2   | 12174 ||| READING scroll labelled QONWASHR FOTOFI.
 12440 | Lair:3   | Found a hole to the Spider Nest.
 12579 | Lair:3   | 12579 ||| INVOKING Berserk.
 12790 | Lair:3   | 12790 ||| INVOKING Berserk.
 12899 | Lair:3   | 12899 ||| INVOKING Berserk.
 13381 | Lair:3   | 13381 ||| DRINKING 2 white potions.
 13382 | Lair:3   | 13382 ||| READING 4 scrolls of identify.
 13382 | Lair:3   | 13382 ||| IDENTIFYING lumpy white potion
 13383 | Lair:3   | 13383 ||| READING 3 scrolls of identify.
 13383 | Lair:3   | 13383 ||| IDENTIFYING black potion
 13384 | Lair:3   | 13384 ||| DROPPING potion of ambrosia.
 13385 | Lair:3   | 13385 ||| DROPPING potion of degeneration.
 13401 | Lair:4   | 13401 ||| STAIRDANCE
 13405 | Lair:4   | 13405 ||| STAIRDANCE
 13411 | Lair:4   | 13411 ||| INVOKING Berserk.
 13420 | Lair:4   | 13420 ||| STAIRDANCE
 13566 | Lair:4   | Noticed a five-headed hydra
 13567 | Lair:4   | 13567 ||| INVOKING Brothers in Arms.
 13568 | Lair:4   | 13568 ||| INVOKING Brothers in Arms.
 13569 | Lair:4   | 13569 ||| INVOKING Brothers in Arms.
 13570 | Lair:4   | 13570 ||| INVOKING Brothers in Arms.
 13571 | Lair:4   | 13571 ||| SWAPPING to +2 hand axe of flaming.
 13572 | Lair:4   | 13572 ||| INVOKING Berserk.
 13572 | Lair:4   | Killed a five-headed hydra
 13577 | Lair:4   | 13577 ||| SWAPPING to +1 war axe of chaos.
 13618 | Lair:4   | 13618 ||| INVOKING Berserk.
 13624 | Lair:4   | Reached skill level 12 in Armour
 13842 | Lair:4   | Noticed a four-headed hydra
 13843 | Lair:4   | 13843 ||| INVOKING Brothers in Arms.
 13847 | Lair:4   | 13847 ||| SWAPPING to +2 hand axe of flaming.
 13849 | Lair:4   | 13849 ||| INVOKING Berserk.
 13851 | Lair:4   | Killed a three-headed hydra
 13852 | Lair:4   | Reached skill level 9 in Shields
 13861 | Lair:4   | 13861 ||| SWAPPING to +1 war axe of chaos.
 13869 | Lair:4   | Reached skill level 6 in Dodging
 14381 | Lair:5   | Entered Level 5 of the Lair of Beasts
 14444 | Lair:5   | Noticed a six-headed hydra
 14445 | Lair:5   | 14445 ||| INVOKING Brothers in Arms.
 14446 | Lair:5   | 14446 ||| INVOKING Brothers in Arms.
 14448 | Lair:5   | 14448 ||| SWAPPING to +2 hand axe of flaming.
 14449 | Lair:5   | 14449 ||| INVOKING Berserk.
 14453 | Lair:5   | Killed a three-headed hydra
 14461 | Lair:5   | 14461 ||| SWAPPING to +1 war axe of chaos.
 14481 | Lair:5   | 14481 ||| Stepping ~*~*~tactically~*~*~ (stealth).
 14518 | Lair:5   | 14518 ||| INVOKING Berserk.
 14541 | Lair:5   | HP: 15/116 [komodo dragon (35)]
 14542 | Lair:5   | 14542 ||| READING 6 scrolls of teleportation.
 14542 | Lair:5   | Demolished by a komodo dragon

Levels and vault maps discovered:
D:1:      minmay_arrival_checkered_box, layout_loops_ring,
          basic_ecumenical_altar, serial_shops,
          nicolae_shop_temple_entry_statues_fountains, nicolae_lakefront_shop,
          nicolae_shop_advertising_works [nicolae_subvault_shop_adworks]
D:2:      layout_rooms, uniq_natasha, uniq_robin, uniq_sigmund
D:3:      layout_loops_corners
D:4:      layout_loops_cross, serial_shops, nicolae_stop_n_shop_1,
          nicolae_shop_firing_range, uniq_crazy_yiuf_cottage
D:5:      layout_loops_cross, old_standard_altar
D:6:      kennysheep_six_static_rooms, layout_basic,
          minmay_temple_entry_nine_rooms
D:7:      wander_guarded_unrand_ratskin, layout_loops_ring,
          grunt_temple_overflow_diamond, kiku_gazebo_garden_becter
D:8:      layout_basic, mainiacjoe_overflow_chevrons, minmay_joined_circles,
          uniq_prince_ribbit1, uniq_maggie
D:9:      layout_basic, tgw_fedhas, due_lair_maze_entry_diamond
Lair:1:   layout_gridlike, columned_hall_lemuel, grunt_forest_small_clearings,
          minivault_25, lemuel_oklob_altar
Lair:2:   layout_regular_city, elwin_shoals_entry_rocks
Lair:3:   layout_cave_pods, nicolae_spider_entry_non_spiders, lemuel_fruit_tree
Lair:4:   layout_cave_shapes, patterned_corridor
Lair:5:   evilmike_catoblepas_cave, layout_regular_city, slime_entry_1

Skill      XL: |  1  2  3  4  5  6  7  8  9 10 11 12 |
---------------+-------------------------------------+-----
Axes           | 4 5 7 8 9 10 12 13 15 16 | 16.0
Fighting       | 4 6 7 8 9 12 13 | 13.8
Armour         | 3 4 5 6 7 10 12 | 12.0
Shields        | 6 7 9 |  9.2
Dodging        | 3 4 6 |  6.1

Action                   |  1- 3 |  4- 6 |  7- 9 | 10-12 || total
-------------------------+-------+-------+-------+-------++-------
Melee: Hand axe          |    61 |   112 |     5 |    17 ||   195
       Headbutt          |    10 |    14 |    62 |    89 ||   175
       War axe           |       |       |   332 |   394 ||   726
Invok: Berserk           |     1 |     4 |    11 |    21 ||    37
       Brothers in Arms  |       |       |       |     5 ||     5
  Use: Scroll            |     6 |     3 |     5 |    10 ||    24
       Potion            |     2 |     2 |     1 |     3 ||     8
 Stab: Distracted        |       |       |       |     1 ||     1
Armor: Chain mail        |    15 |    36 |       |       ||    51
       Animal skin       |     4 |       |       |       ||     4
       Plate armour      |       |     9 |   132 |   184 ||   325
Dodge: Dodged            |    19 |    30 |    76 |   103 ||   228
Block: Buckler           |       |       |    13 |    69 ||    82

Table legend:
 A = Non-vault XP
 B = Vault XP
 C = Vault XP percentage of total XP
 D = Non-vault monster count
 E = Vault monster count
 F = Vault count percentage of total count
                 A         B        C        D         E       F
            +---------+---------+-------+---------+---------+-------
      Total |   28948 |    7446 |  20.5 |     244 |      84 |  25.6
            +---------+---------+-------+---------+---------+-------
        D:1 |      33 |       0 |   0.0 |      18 |       0 |   0.0
        D:2 |     117 |     291 |  71.3 |      21 |      14 |  40.0
        D:3 |     171 |       0 |   0.0 |      13 |       0 |   0.0
        D:4 |     326 |       6 |   1.8 |      17 |       3 |  15.0
        D:5 |    1086 |       0 |   0.0 |      29 |       0 |   0.0
        D:6 |    1297 |     344 |  21.0 |      27 |       6 |  18.2
        D:7 |     873 |     660 |  43.1 |      16 |      24 |  60.0
        D:8 |     901 |    3477 |  79.4 |      17 |      18 |  51.4
        D:9 |    2340 |    1484 |  38.8 |      16 |      10 |  38.5
     Lair:1 |    5752 |     580 |   9.2 |      20 |       1 |   4.8
     Lair:2 |    4943 |       0 |   0.0 |      14 |       0 |   0.0
     Lair:3 |    2566 |     604 |  19.1 |       9 |       8 |  47.1
     Lair:4 |    7119 |       0 |   0.0 |      23 |       0 |   0.0
     Lair:5 |    1424 |       0 |   0.0 |       4 |       0 |   0.0
            +---------+---------+-------+---------+---------+-------
